 Dungeon Crawl Stone Soup version 0.29-a0-517-gbdf32494f2 (webtiles) character file.

Game seed: 17223723538458638696

2482 hquester the Cutter (level 9, 0/84 HPs)
             Began as a Kobold Fighter on May 30, 2022.
             Was a Follower of Dithmenos.
             Slain by an orc knight
             ... wielding a +0 war axe
              (30 damage)
             ... in a bailey.
             The game lasted 00:21:37 (5472 turns).

hquester the Cutter (Kobold Fighter)                Turns: 5472, Time: 00:21:38

Health: 0/84       AC:  8    Str: 14    XL:     9   Next: 81%
Magic:  9/9        EV: 15    Int: 14    God:    Dithmenos [*.....]
Gold:   448        SH:  8    Dex: 24    Spells: 8/8 levels left

rFire   + . .      SeeInvis .   g - +8 rapier of Bagheorr {spect, rC- rN++ Int+5}
rCold   x . .      Faith    .   A - +1 buckler {reflect}
rNeg    + + .      Spirit   .   b - +0 scale mail
rPois   .          Reflect  +   (helmet restricted)
rElec   .          Harm     .   (no cloak)
rCorr   .          Rampage  .   i - +0 pair of gloves
Will    .....                   (no boots)
Stlth   ..........              e - amulet of regeneration
HPRegen 1.04/turn               v - ring of protection from fire
MPRegen 0.11/turn               c - +6 ring of dexterity

@: berserking (expiring), wreathed by umbra, very quick
A: small, no large weapons, nightstalker 3, antennae 1, hooves 2
a: Renounce Religion


You were in a bailey.
You worshipped Dithmenos.
Dithmenos was aware of your devotion.
You visited 2 branches of the dungeon, and saw 8 of its levels.
You also visited: Bailey.

You collected 695 gold pieces.
You spent 247 gold pieces at shops.

Inventory:

Hand Weapons
 a - a +1 rapier
 g - the +8 rapier of Bagheorr (weapon) {spect, rC- rN++ Int+5}
   (You found it on level 5 of the Dungeon)

   When its wielder attacks, the weapon's spirit leaps out and strikes again.
   The spirit shares a part of any damage it takes with its wielder.
   Int:       It affects your intelligence (+5).
   rC:        It makes you vulnerable to cold.
   rN:        It greatly protects you from negative energy.
Armour
 b - a +0 scale mail (worn)
 i - a +0 pair of gloves (worn)
 A - a +1 buckler of reflection (worn)
Jewellery
 c - a +6 ring of dexterity (right hand)
 e - an amulet of regeneration (around neck)
 l - an amulet of guardian spirit
 s - a ring of ice
 v - a ring of protection from fire (left hand)
 B - a ring of see invisible
Wands
 h - a wand of iceblast (4)
Scrolls
 f - a scroll of fog
 j - 2 scrolls of teleportation
 t - a scroll of silence {unknown}
 u - 2 scrolls of vulnerability
 y - a scroll of amnesia
 z - a scroll of magic mapping {unknown}
 C - a scroll of poison
 D - a scroll of identify
Potions
 d - 4 potions of might
 k - 2 potions of degeneration
 n - a potion of mutation
 o - a potion of brilliance {unknown}
 p - a potion of invisibility {unknown}
 q - 2 potions of attraction
 r - 2 potions of flight {unknown}
 w - a potion of heal wounds {unknown}
 x - 2 potions of curing {unknown}
 E - 2 potions of ambrosia {unknown}


   Skills:
 + Level 6.4 Fighting
 + Level 7.2 Short Blades
 + Level 4.9 Armour
 + Level 5.9 Dodging
 + Level 7.2 Stealth
 + Level 4.9 Shields


You had 8 spell levels left.
You didn't know any spells.
Your spell library contained the following spells:

 Spells                   Type           Power      Damage    Failure   Level
 Foxfire                  Conj/Fire      0%         2x1d4     85%         1
 Magic Dart               Conj           0%         1d3       85%         1
 Sandblast                Erth           0%         2d4       85%         1
 Scorch                   Fire           0%         2d5       94%         2
 Searing Ray              Conj           0%         2d4       94%         2
 Conjure Flame            Conj/Fire      0%         6-21      99%         3
 Inner Flame              Hex/Fire       0%         N/A       99%         3
 Flame Wave               Conj/Fire      0%         2d4       100%        4
 Fulminant Prism          Conj/Hex       0%         3d6       100%        4
 Iskenderun's Mystic Bla  Conj/Tloc      0%         2d3       100%        4
 Lee's Rapid Deconstruct  Erth           0%         3d5*      100%        5
 Summon Cactus Giant      Summ           0%         N/A       100%        6
 Ignition                 Fire           0%         3d3       100%        8
 Fire Storm               Conj/Fire      0%         5d1       100%        9


Dungeon Overview and Level Annotations

Branches:
Dungeon (7/15)             Temple (1/1) D:5          Bailey (1/1)

Altars:
Ashenzari
Cheibriados
Dithmenos
Elyvilon
Fedhas
Gozag
Hepliaklqana
Makhleb
Nemelex Xobeh
Okawaru
Qazlal
Ru
Sif Muna
Trog
Uskayaw
Vehumet
Wu Jian
Xom
Yredelemnul
Zin
The Shining One

Shops:
D:6 [


Innate Abilities, Weirdness & Mutations

You are small and have problems with some larger weapons.
You are completely attuned to the shadows.
You have a pair of small antennae on your head.
You have hoof-like feet.


Message History

A red film seems to cover your vision as you go berserk!
You feel yourself moving faster!
You feel mighty!
You puncture the kobold brigand!
You kill the kobold brigand!
Dithmenos accepts your kill.
You puncture the kobold brigand! You kick the kobold brigand.
The kobold brigand is severely wounded.
Your +8 rapier of Bagheorr {spect, rC- rN++ Int+5} hits the kobold brigand.
You miss the kobold brigand. You kick the kobold brigand.
You kill the kobold brigand!
Dithmenos accepts your kill. The kobold brigand misses you.
You puncture the kobold brigand!
The kobold brigand is severely wounded.
Your +8 rapier of Bagheorr {spect, rC- rN++ Int+5} completely misses the kobold brigand.
You closely miss the kobold brigand.
The kobold brigand is severely wounded.
Your +8 rapier of Bagheorr {spect, rC- rN++ Int+5} hits the kobold brigand!
You kill the kobold brigand!
Dithmenos accepts your kill.
Something closely misses your +8 rapier of Bagheorr {spect, rC- rN++ Int+5}.
You swap places.
The orc knight misses you.
There is an open door, spattered with blood here.
Items here: (( ))) [ †.
You hit the orc knight.
You kick the orc knight, but do no damage.
The orc knight is lightly wounded.
Your +8 rapier of Bagheorr {spect, rC- rN++ Int+5} hits the orc knight.
You hit the orc knight.
The orc knight is lightly wounded.
Your +8 rapier of Bagheorr {spect, rC- rN++ Int+5} hits the orc knight but does no damage.
The orc knight misses you.
The orc knight hits your +8 rapier of Bagheorr {spect, rC- rN++ Int+5} with a +0 war axe.
Your spectral weapon shares its damage with you!
You hit the orc knight but do no damage.
Your kick misses the orc knight.
The orc knight is lightly wounded.
Your +8 rapier of Bagheorr {spect, rC- rN++ Int+5} hits the orc knight!
The orc knight hits you with a +0 war axe!!
You die...

......... ...o.....
......... .........
......... ###o(.###
###@### ##..§..##
#...8...# #∩.....∩#
##..)).## ####'''####
##≈.......≈##
#####≈≈.......≈≈#####
#....≈≈.......≈≈....#


You could see an orc knight and a friendly +8 rapier of Bagheorr {spect, rC-
rN++ Int+5} (summoned).

Vanquished Creatures
  An orc knight (Bailey)
  Grinder (D:6)
  2 orc warriors (Bailey)
  An ice beast (D:6)
  An ogre (D:5)
  A centaur (D:7)
  7 kobold brigands (Bailey)
  A phantom (D:5)
  A necrophage (D:5)
  2 scorpions (D:5)
  2 howler monkeys (D:6)
  4 jellies
  An orc priest (D:5)
  3 hounds
  3 iguanas
  4 orc wizards (D:5)
  Robin (D:3)
  9 adders
  2 ufetubi
  2 worms
  2 dart slugs
  5 orcs
  9 endoplasms
  3 giant cockroaches (D:2)
  15 goblins
  4 hobgoblins
  2 jackals (D:1)
  3 quokkas
  8 ball pythons
  3 bats
  7 frilled lizards
  16 kobolds
  4 rats
130 creatures vanquished.

Vanquished Creatures (others)
  An orc wizard (D:5)
1 creature vanquished.

Grand Total: 131 creatures vanquished

Notes
Turn   | Place    | Note
-------+----------+-------------------------------------------
     0 | D:1      | hquester the Kobold Fighter began the quest for the Orb.
     0 | D:1      | Reached XP level 1. HP: 14/14 MP: 1/1
   204 | D:1      | Reached XP level 2. HP: 15/19 MP: 2/2
   354 | D:1      | Reached skill level 1 in Stealth
   525 | D:1      | Found a faded altar of an unknown god.
   662 | D:1      | Reached skill level 1 in Dodging
   801 | D:1      | Reached XP level 3. HP: 23/23 MP: 3/3
  2169 | D:3      | Reached XP level 4. HP: 26/29 MP: 4/4
  2342 | D:3      | Noticed Robin
  2353 | D:3      | Killed Robin
  2364 | D:3      | Reached XP level 5. HP: 32/33 MP: 5/5
  3257 | D:4      | Reached XP level 6. HP: 38/38 MP: 6/6
  3349 | D:4      | Found a shimmering blue altar of Sif Muna.
  3412 | D:4      | Found a glowing silver altar of Zin.
  3484 | D:5      | Entered Level 5 of the Dungeon
  3486 | D:5      | Gained mutation: You have large cloven feet. [potion of
                  | mutation]
  3486 | D:5      | Gained mutation: You have hoof-like feet. [potion of
                  | mutation]
  3486 | D:5      | Gained mutation: You have a pair of small antennae on your
                  | head. [potion of mutation]
  3532 | D:5      | Noticed an ogre
  3536 | D:5      | Killed an ogre
  3538 | D:5      | Found a sparkling altar of Nemelex Xobeh.
  3555 | D:5      | Identified the +8 rapier of Bagheorr {spect, rC- rN++
                  | Int+5}
  3582 | D:5      | Reached XP level 7. HP: 43/44 MP: 7/7
  3637 | D:5      | Reached skill level 5 in Short Blades
  3659 | D:5      | Found a staircase to the Ecumenical Temple.
  3671 | Temple   | Entered the Ecumenical Temple
  3980 | D:5      | Found a shadowy altar of Dithmenos.
  3989 | D:5      | Found a sacrificial altar of Ru.
  3999 | D:5      | Found an iron altar of Okawaru.
  4002 | D:5      | Found a broken altar of Ashenzari.
  4006 | D:5      | Reached XP level 8. HP: 44/48 MP: 8/8
  4034 | D:5      | Became a worshipper of Dithmenos the Shadowed
  4381 | D:6      | Reached skill level 5 in Fighting
  4518 | D:6      | Found Ycullah's Antique Armour Emporium.
  4521 | D:6      | Bought a glowing buckler for 247 gold pieces
  4568 | D:6      | Reached skill level 5 in Stealth
  4795 | D:6      | Noticed Grinder
  4804 | D:6      | Killed Grinder
  4923 | D:6      | Found a glowing golden altar of the Shining One.
  4971 | D:6      | Found a snail-covered altar of Cheibriados.
  5286 | D:7      | Found a flagged portal.
  5297 | Bailey   | Entered a bailey
  5312 | Bailey   | Reached XP level 9. HP: 54/54 MP: 9/9
  5320 | Bailey   | Reached * piety under Dithmenos
  5326 | Bailey   | Reached skill level 5 in Dodging
  5390 | Bailey   | Noticed an orc knight
  5400 | Bailey   | Killed an orc knight
  5404 | Bailey   | Got the Handbook of Earthen Fire
  5448 | Bailey   | Noticed an orc knight
  5472 | Bailey   | Slain by an orc knight

Illustrated notes

Levels and vault maps discovered:
D:1:      minmay_arrival_widening_spiral_wide, layout_loops_ring,
          hellmonk_ecumenical_altar_zigzags, kennysheep_another_room
D:2:      layout_basic
D:3:      minmay_diamond_boxcup, layout_loops_ring, uniq_robin
D:4:      layout_rooms, mainiacjoe_overflow_surrounded_room, zin_treasury,
          minmay_door_square
D:5:      layout_rooms, nemelex_dance_club_becter,
          grunt_temple_overflow_cloverleaf, minmay_temple_entry_tees
D:6:      layout_loops_ring, mainiacjoe_overflow_catwalk_spiral, serial_shops,
          nicolae_shop_window_shopping, st_stairs_14, uniq_grinder
D:7:      layout_gridville, kennysheep_vampire_church, enter_bailey_3
Temple:   hc_temple_tempest_star
Bailey:   bailey_axe_3, bailey

Skill      XL: |  1  2  3  4  5  6  7  8  9 |
---------------+----------------------------+-----
Stealth        | 1 2 3 4 5 7 |  7.2
Short Blades   | 3 4 5 6 7 |  7.2
Dodging        | 1 2 3 4 5 |  5.9
Shields        | 3 4 |  4.9
Armour         | 3 4 |  4.9
Fighting       | 4 5 6 |  6.4

Action                   |  1- 3 |  4- 6 |  7- 9 || total
-------------------------+-------+-------+-------++-------
Melee: Rapier            |    88 |   124 |   112 ||   324
       Kick              |       |     4 |    42 ||    46
  Use: Scroll            |       |    11 |     1 ||    12
       Potion            |       |     1 |     1 ||     2
 Stab: Sleeping          |     5 |    12 |     6 ||    23
       Distracted        |       |       |     1 ||     1
Armor: Scale mail        |    16 |    32 |    39 ||    87
Dodge: Dodged            |    43 |    39 |    54 ||   136
Block: Buckler           |    24 |    28 |    28 ||    80
       Reflection        |       |       |     7 ||     7

Table legend: (Time is in decaauts)
 A = Elapsed time spent in this place.
 B = Non-inter-level travel time spent in this place.
 C = Inter-level travel time spent in this place.
 D = Time resting spent in this place.
 E = Time spent auto-exploring this place.
 F = Levels seen in this place.
 G = Mean time per level.
                   A        B        C        D        E       F      G
               +--------+--------+--------+--------+--------+-----+--------+
         Total |   5519 |   5308 |    211 |     75 |   3902 |   9 |  613.2 |
       Dungeon |   5059 |   4864 |    195 |     44 |   3724 |   7 |  722.7 |
        Temple |    285 |    269 |     16 |      0 |    178 |   1 |  285.0 |
        Bailey |    174 |    174 |      0 |     31 |      0 |   1 |  174.0 |
               +--------+--------+--------+--------+--------+-----+--------+

Top non-repeatable levels by time:
     D:2: 1125 daAuts
     D:1: 985 daAuts
     D:6: 823 daAuts
     D:3: 772 daAuts
     D:5: 635 daAuts
     D:4: 618 daAuts
  Temple: 285 daAuts
  Bailey: 174 daAuts
     D:7: 99 daAuts
